 Dungeon Crawl Stone Soup version 0.31.0-11-ge490571c62 (webtiles) character file.

Game seed: 7024435246312626106

214 jagang the Slasher (level 5, 0/43 HPs)
             Began as a Human Monk on Jan 26, 2024.
             Slain by a howler monkey (6 damage)
             ... on level 5 of the Dungeon.
             The game lasted 00:07:12 (2708 turns).

jagang the Slasher (Human Monk)                     Turns: 2708, Time: 00:07:12

Health: 0/43       AC:  8    Str: 11    XL:     5   Next: 92%
Magic:  5/5        EV: 11    Int: 11    God:
Gold:   171        SH:  0    Dex: 17    Spells: 4/4 levels left

rFire   . . .        a - +0 falchion
rCold   . . .        d - orb {light}
rNeg    . . .        r - +2 ring mail of Omission {rElec Stlth+}
rPois   .            (no helmet)
rElec   +            j - +0 cloak
rCorr   .            (no gloves)
SInv    .            (no boots)
Will    .....        (no amulet)
Stlth   +            (no ring)
HPRegen 0.27/turn    (no ring)
MPRegen 0.09/turn

%: no passive effects
@: glowing, studying 2 skills
A: explore regen
a: no special abilities


You were on level 5 of the Dungeon.
You visited 1 branch of the dungeon, and saw 5 of its levels.

You collected 171 gold pieces.

Inventory:

Hand Weapons
 a - a +0 falchion (weapon)
Missiles
 h - 7 poisoned darts (quivered)
Armour
 d - an orb of light (worn)
 j - a +0 cloak (worn)
 r - the +2 ring mail of Omission (worn) {rElec Stlth+}
   (You found it on level 2 of the Dungeon)

   rElec:     It insulates you from electricity.
   Stlth+:    It makes you more stealthy.
Jewellery
 e - a +6 ring of dexterity
 i - a ring of see invisible
 o - an amulet of magic regeneration
Wands
 t - a wand of flame (24)
Scrolls
 b - a scroll of silence {unknown}
 k - a scroll of vulnerability
 l - a scroll of enchant weapon
 m - a scroll of teleportation {unknown}
 q - 2 scrolls of fog {unknown}
Potions
 c - 2 potions of ambrosia
 f - 2 potions of curing {unknown}
 g - 4 potions of heal wounds
 n - 3 potions of lignification {unknown}
 p - 2 potions of haste {unknown}
 s - a potion of attraction {unknown}
 u - a potion of degeneration {unknown}


   Skills:
 * Level 4.3 Fighting
 * Level 4.7 Long Blades
 + Level 1.1 Throwing
 * Level 3.3 Armour
 - Level 3.0 Dodging


You had 4 spell levels left.
You didn't know any spells.
Your spell library contained the following spells:

 Spells                   Type           Power      Damage    Failure   Level
 Apportation              Tloc           0%         N/A       63%         1
 Freeze                   Ice            0%         1d3       63%         1
 Summon Small Mammal      Summ           0%         N/A       63%         1
 Jinxbite                 Hex            0%         N/A       77%         2
 Call Canine Familiar     Summ           0%         N/A       94%         3
 Frozen Ramparts          Ice            0%         1d1       94%         3
 Hailstorm                Conj/Ice       0%         3d5       94%         3
 Summon Blazeheart Golem  Fire/Summ      0%         N/A       100%        4
 Alistair's Intoxication  Alch           0%         N/A       100%        5


Dungeon Overview and Level Annotations

Branches:
Dungeon (4/15)
 Temple: D:4-7

Altars:
Hepliaklqana
Qazlal


Innate Abilities, Weirdness & Mutations

You regain HP and MP as you explore.


Message History

You are too injured to fight recklessly!
Throw: 9 darts (poison)
Press: ? - help, Q - select action, (/) - cycle Shift-Dir - straight line, f - howler monkey
Aim: a howler monkey (haloed, 74% to hit)
You throw a poisoned dart.
The poisoned dart hits the howler monkey.
The howler monkey hoots and howls with incredible vigour!
Throw: 8 darts (poison)
Press: ? - help, Q - select action, (/) - cycle Shift-Dir - straight line, f/p - howler monkey
Aim: a howler monkey (catching its breath, haloed, 74% to hit)
You throw a poisoned dart.
The poisoned dart hits the howler monkey.
The howler monkey is poisoned.
The howler monkey barely misses you.
A water moccasin comes into view.
You hit the howler monkey but do no damage.
The howler monkey hits you.
* * * LOW HITPOINT WARNING * * *
The howler monkey hits you.
* * * LOW HITPOINT WARNING * * *
You hit the howler monkey but do no damage.
The howler monkey is lightly wounded.
The howler monkey barely misses you.
You hit the howler monkey.
The howler monkey is heavily wounded.
The howler monkey hoots and howls with incredible vigour!
The water moccasin bites you.
* * * LOW HITPOINT WARNING * * *
You hear a shout!
You hit the howler monkey.
The howler monkey is severely wounded.
The howler monkey looks more healthy.
The howler monkey hits you.
* * * LOW HITPOINT WARNING * * *
The water moccasin closely misses you. The howler monkey hits you.
* * * LOW HITPOINT WARNING * * *
You hit the howler monkey but do no damage.
The howler monkey is severely wounded.
The water moccasin closely misses you. The water moccasin barely misses you.
The howler monkey hits you.
You die...

############
.....#.....##
............## ##
.............##..
.............##.#
.............##.#
.......@.....##.#
......Sh........#
..............[.#
....(...........######
.....#.....#.#.......###
####...#...#...#######..
#...###.....#####...#
...###.....##....##.
............####..


You could see a water moccasin and a howler monkey (catching breath).

Vanquished Creatures
  2 iguanas
  Ijyb (D:3)
  8 adders
  A ribbon worm (D:5)
  2 dart slugs
  2 orcs
  4 endoplasms
  2 giant cockroaches (D:1)
  3 goblins
  4 hobgoblins
  2 jackals (D:3)
  A quokka (D:2)
  2 ball pythons
  8 bats
  6 frilled lizards
  14 kobolds
  3 rats
65 creatures vanquished.

Notes
Turn   | Place    | Note
-------+----------+-------------------------------------------
     0 | D:1      | jagang the Human Monk began the quest for the Orb.
     0 | D:1      | Reached XP level 1. HP: 18/18 MP: 1/1
   176 | D:1      | Reached XP level 2. HP: 24/24 MP: 2/2
   293 | D:1      | Reached skill level 1 in Armour
   649 | D:2      | Reached XP level 3. HP: 29/29 MP: 3/3
   873 | D:2      | Reached XP level 4. HP: 37/37 MP: 4/4
  1020 | D:2      | Identified the +2 ring mail of Omission {rElec Stlth+}
  1537 | D:2      | Identified 2 scrolls of acquirement
  1540 | D:2      | Acquired a manual of Armour
  1542 | D:2      | Acquired a manual of Long Blades
  1738 | D:3      | Found a stormy altar of Qazlal.
  1738 | D:3      | Found a hazy altar of Hepliaklqana.
  1991 | D:3      | Noticed Ijyb
  2026 | D:3      | Killed Ijyb
  2027 | D:3      | Reached XP level 5. HP: 10/42 MP: 5/5
  2594 | D:4      | You fall into a shaft and drop 1 floor!
  2594 | D:5      | Entered Level 5 of the Dungeon
  2607 | D:5      | Reached skill level 1 in Throwing
  2703 | D:5      | Noticed a water moccasin
  2708 | D:5      | Slain by a howler monkey

Illustrated notes

Levels and vault maps discovered:
D:1:      lemuel_arrival_behind_the_door_large, layout_rooms,
          ebering_dispersal_statue_hall, minmay_stone_trees_small, minivault_25,
          dk_noncrumbling_2
D:2:      layout_basic
D:3:      layout_loops_ring, gammafunk_temple_overflow_elements,
          lexackson_kobold_supper, uniq_ijyb
D:4:      layout_gridville
D:5:      layout_rooms, portal_sewer_entry_b, nicolae_specific_store,
          chequers_big_river, corner_web_ring, grunt_ministairs_4,
          kennysheep_big_empty_room

Skill      XL: |  1  2  3  4  5 |
---------------+----------------+-----
Armour         | 1 2 3 |  3.3
Fighting       | 4 |  4.3
Long Blades    | 4 |  4.7
Throwing       | 1 |  1.1
Dodging        | |  3.0

Action                     |  1- 3 |  4- 6 || total
---------------------------+-------+-------++-------
  Melee: Falchion          |    69 |   139 ||   208
  Throw: Dart              |       |     3 ||     3
    Use: Scroll            |       |     6 ||     6
 Armour: Robe              |     8 |       ||     8
         Chain mail        |    53 |       ||    53
         Ring mail         |       |    92 ||    92
  Dodge: Dodged            |    29 |    74 ||   103
